AoeStats
← Red Calypso

African Clearing

505350142Analyzed
2v2 RM · 24d ago on Sep 9, 2026· 25m 57s· 4 players
Game mode
Random Map
Map size
Medium (4 player)
Population
200
Speed
Normal
Resources
Standard
Victory
Conquest
Starting age
Dark Age
Ending age
Imperial Age
RankedLock teamsTeams togetherTeam positionsShared explorationLock speedFull tech treeHidden civsTurbo modeCheats
Victory
Defeat
🇨🇦 Georgians · Canada
1465
+13
🇦🇹 Vietnamese · Austria
1405
+15
🇧🇷 Armenians · Brazil
1397
-14
🇧🇷 Aztecs · Brazil
1388
-14
Tchaikovsky
5:03 Loom
14:36 Feudal Age
18:23 Castle Age
16:24 Gold Mining
16:51 Scale Mail Armor
18:06 Forging
21:37 Wheelbarrow
21:30 Eagle Warrior
alprazolam 2mg
9:28 Loom
10:13 Loom
12:26 Feudal Age
13:24 Double-Bit Axe
16:21 Town Watch
16:29 Fletching
26:47 Castle Age
GOAT Gobz
4:10 Loom
12:53 Feudal Age
17:33 Castle Age
Red Calypso
7:42 Loom
14:09 Feudal Age
15:40 Double-Bit Axe
15:55 Gold Mining
19:20 Castle Age
17:46 Padded Archer Armor
19:54 Fletching
20:19 Bow Saw
20:57 Husbandry
22:02 Wheelbarrow
21:51 Bodkin Arrow
24:58 Ballistics
Connection lost

Rejoining the realm…

Still unreachable

The connection could not be restored.

Session expired

The server has moved on; the page needs a fresh start.